 Dungeon Crawl Stone Soup version 0.24.0-1-gfbc8707122 (webtiles) character file.

Game seed: 4302365828224472879, levelgen mode: deterministic

102 Aviak the Skirmisher (level 4, -5/40 HPs)
             Began as a Draconian Abyssal Knight on Oct 26, 2019.
             Was a Believer of Lugonu.
             Slain by an orc
             ... wielding a +1 morningstar of protection
              (7 damage)
             ... on level 3 of the Dungeon.
             The game lasted 00:02:43 (1495 turns).

Aviak the Skirmisher (Draconian Abyssal Knight)     Turns: 1495, Time: 00:02:44

Health: -5/40      AC:  5    Str: 11 (14) XL:     4   Next: 49%
Magic:  6/6        EV: 18    Int: 10 (12) God:    Lugonu [**....]
Gold:   91         SH:  0    Dex: 14 (17) Spells: 3/3 levels left

rFire    . . .     SeeInvis .   a - +1 spear
rCold    + . .     Gourm    .   (no shield)
rNeg     . . .     Faith    .   (armour unavailable)
rPois    .         Spirit   .   (helmet restricted)
rElec    .         Reflect  .   (no cloak)
rCorr    .         Harm     .   (no gloves)
MR       .....                  (no boots)
Stlth    +.........             (no amulet)
HPRegen  0.13/turn              j - ring of attention (curse)
MPRegen  0.10/turn              C - ring of protection from cold

@: agile
A: unfitting armour, cold-blooded, AC +5
a: Depart the Abyss, Bend Space, Renounce Religion


You were on level 3 of the Dungeon.
You worshipped Lugonu.
Lugonu was pleased with you.
You were not hungry.

You visited 1 branch of the dungeon, and saw 3 of its levels.
You visited the Abyss 1 time.

You collected 91 gold pieces.

Inventory:

Hand Weapons
 a - a +1 spear (weapon)
Jewellery
 c - an uncursed ring of magical power
 d - an uncursed amulet of the gourmand {unknown}
 j - a cursed ring of attention (left hand)
 l - an uncursed amulet of the acrobat
 C - a ring of protection from cold (right hand)
Scrolls
 f - 3 scrolls of enchant weapon
 i - 2 scrolls of identify
 k - a scroll of remove curse {unknown}
 t - 3 scrolls of teleportation
Potions
 h - 2 potions of curing {unknown}
Comestibles
 b - 3 rations


   Skills:
 + Level 4.0 Fighting
 + Level 3.0 Polearms
 + Level 2.9 Dodging
 + Level 3.0 Invocations


You had 3 spell levels left.
You didn't know any spells.
Your spell library contained the following spells:

 Spells                   Type           Power        Failure   Level  Hunger
 Malign Gateway           Summ/Tloc      #.........   100%        7    #######
 Monstrous Menagerie      Summ           #.........   100%        7    #######
 Summon Greater Demon     Summ           #.........   100%        7    #######
 Summon Horrible Things   Summ           #.........   100%        8    #######


Dungeon Overview and Level Annotations

Branches:
Dungeon (3/15)

Altars:


Innate Abilities, Weirdness & Mutations

Your plain brown scales are hard. (AC +5)
You cannot fit into any form of body armour.
You are cold-blooded and may be slowed by cold attacks.


Message History

You tail-slap the orc, but do no damage.
The orc is heavily wounded.
The orc completely misses you.
You hit the orc.
You tail-slap the orc, but do no damage.
The orc is severely wounded.
The orc completely misses you.
You barely miss the orc.
The orc is severely wounded.
The orc hits you with a +1 morningstar of protection.
* * * LOW HITPOINT WARNING * * *
You hit the orc but do no damage.
The orc is severely wounded.
The orc barely misses you.
You hit the orc but do no damage.
The orc is severely wounded.
You barely miss the orc.
The orc is severely wounded.
The orc hits you with a +1 morningstar of protection!
You die...

###...#######..## .#
###†..# #.......# .#
..#...# #.......# .#
#.#...# #.......# .#
#.#.[.# ######.###.#
#.###### ###...†.#.###...
.................)....o..
#.#######....#.#o#.#.#...
#.# #....#.#@#.# ..#
#.....$#.#.# ###
#....#.#.#.# #....#.#.#.#
.. #...#.# ..#.# ..# ...#


You could see an orc.

Vanquished Creatures
  An orc priest (D:3)
  An ooze (D:1)
  3 dart slugs
  A leopard gecko (D:2)
  An orc (D:3)
  10 bats
  3 giant cockroaches
  5 goblins
  9 hobgoblins
  7 frilled lizards
  10 kobolds
  8 rats
59 creatures vanquished.

Notes
Turn   | Place    | Note
-------+----------+-------------------------------------------
     0 | Abyss:1  | Aviak the Draconian Abyssal Knight began the quest for the
                  | Orb.
     0 | Abyss:1  | Reached XP level 1. HP: 19/19 MP: 2/2
    25 | Abyss:1  | Noticed a wretched star
    26 | D:1      | Escaped the Abyss
   133 | D:1      | Reached XP level 2. HP: 12/26 MP: 3/3
   391 | D:1      | Reached * piety under Lugonu
   651 | D:1      | Reached XP level 3. HP: 30/31 MP: 4/4
  1154 | D:2      | Reached ** piety under Lugonu
  1374 | D:3      | Reached XP level 4. HP: 34/40 MP: 6/6
  1461 | D:3      | Reached skill level 4 in Fighting
  1492 | D:3      | HP: 1/40 [orc/+1 morningstar of protection (6)]
  1495 | D:3      | Slain by an orc

Levels and vault maps discovered:
D:1:      dpeg_arrival_lava_temple_mockup, layout_loops_cross
D:2:      layout_rooms
D:3:      layout_basic, amethyst_overflow_temple_binary, eino_tiny_chamber

Skill      XL: |  1  2  3  4 |
---------------+-------------+-----
Fighting       | 4 |  4.0
Invocations    | 3 |  3.0
Polearms       | 3 |  3.0
Dodging        | |  2.9

Action                   |  1- 3 |  4- 6 || total
-------------------------+-------+-------++-------
Melee: Spear             |   152 |    28 ||   180
       Tailslap          |    14 |     3 ||    17
Invok: Depart the Abyss  |     1 |       ||     1
  Use: Scroll            |     2 |       ||     2
       Potion            |       |     2 ||     2
 Stab: Sleeping          |     2 |       ||     2
  Eat: Chunk             |     2 |       ||     2
Armor: Skin              |    25 |     2 ||    27
Dodge: Dodged            |    73 |    12 ||    85
